 Dungeon Crawl Stone Soup version 0.32-a0-791-gfc315c9ecd (webtiles) character file.

Game seed: 1745179830362075601

107 retardedninja the Trooper (level 4, -1/37 HPs)
             Began as a Coglin Fighter on Mar 20, 2024.
             Slain by a gnoll
             ... wielding a +0 spear
              (6 damage)
             ... on level 3 of the Dungeon.
             The game lasted 00:04:23 (1680 turns).

retardedninja the Trooper (Coglin Fighter)          Turns: 1680, Time: 00:04:23

Health: -1/37      AC: 10    Str: 19    XL:     4   Next: 86%
Magic:  4/4        EV:  6    Int:  7    God:
Gold:   104        SH:  0    Dex: 13    Spells: 3/3 levels left

rFire   . . .        a - +0 war axe {Hilda}
rCold   . . .        e - +0 mace {Etsuko}
rNeg    . . .        m - +0 chain mail
rPois   .            (no helmet)
rElec   .            (no cloak)
rCorr   .            h - +0 pair of gloves
SInv    .            (no boots)
Will    .....        (amulet unavailable) Stlth
                     (ring unavailable)
HPRegen 0.26/turn    (ring unavailable)
MPRegen 0.09/turn    (no gizmo)

%: no passive effects
@: on berserk cooldown, slowed, revving, very slow
A: off-hand wielding, slow wielding, warmup strikes, no jewellery
a: Invent Gizmo


You were on level 3 of the Dungeon.
You visited 1 branch of the dungeon, and saw 3 of its levels.

You collected 104 gold pieces.

Inventory:

Hand Weapons
 a - a +0 war axe (weapon) {Hilda}
 e - a +0 mace (offhand) {Etsuko}
Missiles
 i - 2 silver javelins (quivered)
Armour
 h - a +0 pair of gloves (worn)
 m - a +0 chain mail (worn)
Scrolls
 b - a scroll of fear {unknown}
 c - 2 scrolls of teleportation {unknown}
 g - a scroll of enchant weapon {unknown}
 j - 9 scrolls of identify {unknown}
Potions
 d - 2 potions of might
 f - a potion of curing {unknown}
 k - a potion of berserk rage
 l - a potion of ambrosia {unknown}
 n - a potion of lignification {unknown}
 o - a potion of experience {unknown}


   Skills:
 * Level 4.1 Fighting
 * Level 3.4 Axes
 + Level 3.2 Armour
 - Level 2.1 Shields


You had 3 spell levels left.
You didn't know any spells.
Your spell library contained the following spells:

 Spells                   Type           Power      Damage    Failure   Level
 Magic Dart               Conj           0%         1d3       98%         1
 Blink                    Tloc           0%         N/A       99%         2
 Call Imp                 Summ           0%         N/A       99%         2
 Conjure Ball Lightning   Conj/Air       0%         3x3d6     100%        6
 Discord                  Hex            0%         N/A       100%        8
 Disjunction              Tloc           0%         N/A       100%        8


Dungeon Overview and Level Annotations

Branches:
Dungeon (3/15)

Altars:

Shops:
D:1 !


Innate Abilities, Weirdness & Mutations

You can wield a second weapon in your off-hand.
It takes a long time for you to wield or remove held weapons.
Your first few attacks do less damage.
You cannot equip rings or amulets.


Message History

The gnoll hits you with a +0 whip. The gnoll hits you with a +0 flail!
You hit the gnoll with your +0 war axe.
The gnoll is lightly wounded.
You closely miss the gnoll with your +0 war axe.
You barely miss the gnoll with your +0 mace.
The gnoll hits you with a +0 whip. The gnoll hits you but does no damage.
The gnoll barely misses you. The gnoll hits you with a +0 flail!
* * * LOW HITPOINT WARNING * * *
It was a potion of berserk rage.
A red film seems to cover your vision as you go berserk!
You feel yourself moving faster!
You feel mighty! The gnoll hits you with a +0 whip.
* * * LOW HITPOINT WARNING * * *
The gnoll hits you but does no damage.
You are too berserk!
You slash the gnoll with your +0 war axe!
You kill the gnoll!
You closely miss the gnoll with your +0 war axe.
The gnoll hits you but does no damage.
You see here a +0 flail.
You feel a strong urge to attack something.
The gnoll hits you with a +0 whip.
* * * LOW HITPOINT WARNING * * *
There is a stone staircase leading down, spattered with blood here.
You closely miss the gnoll with your +0 war axe.
The gnoll is lightly wounded.
You hit the gnoll with your +0 mace. The gnoll hits you but does no damage.
You barely miss the gnoll with your +0 mace.
The gnoll is heavily wounded.
You hit the gnoll with your +0 war axe. The gnoll barely misses you.
You thump the gnoll with your +0 mace!
You kill the gnoll!
You climb downwards.
You feel a strong urge to attack something.
You are no longer berserk.
You are exhausted.
You feel yourself slow down.
There is a stone staircase leading up, spattered with blood here.
The gnoll hits you from afar with a +0 spear.
You die...

)........#....#
.##########....#
# ..#..#####.
####.#.........
#..#.#>#.####.#
#..#..g#.#
#..###.#.# #..#
#g#.# #.@# #.#.#
#.####.#.#
#g.gg..#
########


You could see a gnoll.

Vanquished Creatures
  2 gnolls (D:2)
  4 adders (D:2)
  2 dart slugs
  2 ribbon worms (D:2)
  2 ball pythons
  9 bats
  4 endoplasms
  A giant cockroach (D:2)
  4 goblins
  4 hobgoblins
  A kobold (D:1)
  2 quokkas (D:2)
  4 frilled lizards
  4 rats
45 creatures vanquished.

Notes
Turn   | Place    | Note
-------+----------+-------------------------------------------
     0 | D:1      | retardedninja the Coglin Fighter began the quest for the
                  | Orb.
     0 | D:1      | Reached XP level 1. HP: 18/18 MP: 1/1
   184 | D:1      | Reached XP level 2. HP: 24/24 MP: 2/2
   225 | D:1      | Found Edalui's Distillery.
   730 | D:2      | Reached XP level 3. HP: 26/29 MP: 3/3
   988 | D:2      | Reached XP level 4. HP: 37/37 MP: 4/4
  1485 | D:3      | Reached skill level 4 in Fighting
  1680 | D:3      | Slain by a gnoll

Illustrated notes

Levels and vault maps discovered:
D:1:      evilmike_arrival_fibonacci_small, layout_loops_ring, serial_shops,
          shop
D:2:      layout_basic
D:3:      layout_basic, serial_rivers, chequers_serial_rivers_marsh,
          chequers_serial_rivers_micro_e, chequers_serial_rivers_small_3,
          chequers_serial_rivers_micro_b, uniq_natasha

Skill      XL: |  1  2  3  4 |
---------------+-------------+-----
Armour         | 3 |  3.2
Axes           | 3 |  3.4
Fighting       | 4 |  4.1
Shields        | |  2.1

Action                     |  1- 3 |  4- 6 || total
---------------------------+-------+-------++-------
  Melee: War axe           |    56 |    31 ||    87
         Mace              |    45 |    28 ||    73
    Use: Potion            |       |     1 ||     1
 Armour: Scale mail        |    48 |       ||    48
         Chain mail        |     4 |    38 ||    42
  Dodge: Dodged            |    26 |    15 ||    41

Table legend: (Time is in decaauts)
 A = Elapsed time spent in this place.
 B = Non-inter-level travel time spent in this place.
 C = Inter-level travel time spent in this place.
 D = Time resting spent in this place.
 E = Time spent auto-exploring this place.
 F = Levels seen in this place.
 G = Mean time per level.
                   A        B        C        D        E       F      G
               +--------+--------+--------+--------+--------+-----+--------+
         Total |   1711 |   1672 |     39 |    102 |   1190 |   3 |  570.3 |
       Dungeon |   1711 |   1672 |     39 |    102 |   1190 |   3 |  570.3 |
               +--------+--------+--------+--------+--------+-----+--------+

Top non-repeatable levels by time:
     D:2: 854 daAuts
     D:1: 740 daAuts
     D:3: 116 daAuts
